 Dungeon Crawl Stone Soup version 0.26-a0-658-gbdda728c12 (webtiles) character file.

Game seed: 8905676404298074600

208 looop the Poker (level 5, -4/42 HPs)
             Began as a Demonspawn Fighter on Oct 4, 2020.
             Slain by an ogre
             ... wielding a +0 giant club
              (21 damage)
             ... on level 3 of the Dungeon.
             The game lasted 00:02:33 (2172 turns).

looop the Poker (Demonspawn Fighter)                Turns: 2172, Time: 00:02:33

Health: -4/42      AC:  9    Str: 17    XL:     5   Next: 55%
Magic:  0/5        EV:  6    Int: 10    God:
Gold:   129        SH:  8    Dex: 12    Spells: 4/4 levels left

rFire    + . .     SeeInvis .   r - +2 spear (vamp)
rCold    . . .     Faith    .   c - +0 kite shield
rNeg     . . .     Spirit   +   b - +0 scale mail
rPois    .         Reflect  .   (helmet restricted)
rElec    .         Harm     .   g - +2 cloak
rCorr    .         Rampage  .   (no gloves)
MR       .....                  (no boots)
Stlth    ..........             (no amulet)
HPRegen  0.14/turn              s - ring of protection from fire
MPRegen  0.09/turn              (no ring)

@: no status effects
A: horns 1, magic shield
a: no special abilities


You were on level 3 of the Dungeon.
You visited 1 branch of the dungeon, and saw 3 of its levels.

You collected 129 gold pieces.

Inventory:

Hand Weapons
 a - a +0 trident
 r - a +2 vampiric spear (weapon)
Missiles
 p - a throwing net (quivered)
Armour
 b - a +0 scale mail (worn)
 c - a +0 kite shield (worn)
 g - a +2 cloak (worn)
Jewellery
 s - a ring of protection from fire (left hand)
Wands
 k - a wand of flame (16)
 v - a wand of random effects (25)
 w - a wand of paralysis (7)
Scrolls
 f - a scroll of amnesia {unknown}
 i - a scroll of remove curse {unknown}
 j - a scroll of immolation {unknown}
 n - 3 scrolls of identify {unknown}
 o - a scroll of teleportation {unknown}
 q - a scroll of enchant armour {unknown}
 u - a scroll of fog {unknown}
Potions
 d - a potion of might
 e - 2 potions of resistance {unknown}
 h - a potion of curing {unknown}
 l - a potion of lignification {unknown}
 m - a potion of stabbing {unknown}
 t - a potion of heal wounds {unknown}


   Skills:
 + Level 4.3 Fighting
 * Level 4.5 Polearms
 - Level 2.6 Armour
 - Level 2.6 Shields


You had 4 spell levels left.
You didn't know any spells.
Your spell library was empty.

Dungeon Overview and Level Annotations

Branches:
Dungeon (3/15)

Altars:
Ashenzari
Nemelex Xobeh
Ru
Zin


Innate Abilities, Weirdness & Mutations

You have a pair of small horns on your head.
When hurt, damage is shared between your health and your magic reserves.


Message History

An ogre is nearby!
Your shield prevents you from hitting the ogre.
You block the ogre's attack.
You puncture the ogre!
The ogre is moderately wounded.
You hit the ogre.
The ogre is heavily wounded.
The ogre closely misses you.
Your scale mail prevents you from hitting the ogre.
You headbutt the ogre.
The ogre is heavily wounded.
The ogre hits you with a +0 giant club!!
Ouch! That really hurt!
You hit the ogre. You headbutt the ogre.
The ogre is severely wounded.
You hit the ogre but do no damage.
The ogre is severely wounded.
The ogre hits you with a +0 giant club!!
Ouch! That really hurt!
You die...

###########
#.........##### #####
#.#####.......###...#
#.#...........#
###.#..##.#......
#......##.......#
#.#.#.###......##
#.###.#.#.###....###
#..O@.........#.##
###.......#####†#
#.#.###.# #.#
#.#.###.# ##'##
###.#..##.# ##...##
......##.###.....##
#.#..##.##.......##
#....##.#.........# #
#.......'.........+


You could see an ogre.

Vanquished Creatures
  A bullfrog skeleton (D:2)
  Jessica (D:3)
  A worker ant (D:3)
  Robin (D:2)
  A gnoll (D:2)
  3 adders
  An ooze (D:1)
  A worm (D:2)
  An orc (D:3)
  A ball python (D:2)
  7 bats
  3 giant cockroaches
  15 goblins
  12 hobgoblins
  5 jackals
  5 frilled lizards
  6 kobolds
  8 rats
73 creatures vanquished.

Notes
Turn   | Place    | Note
-------+----------+-------------------------------------------
     0 | D:1      | looop the Demonspawn Fighter began the quest for the Orb.
     0 | D:1      | Reached XP level 1. HP: 18/18 MP: 1/1
   311 | D:1      | Gained mutation: You have a pair of small horns on your
                  | head. [demonic ancestry]
   311 | D:1      | Reached XP level 2. HP: 24/24 MP: 2/2
   830 | D:2      | Noticed Robin
   835 | D:2      | Reached XP level 3. HP: 29/29 MP: 3/3
   869 | D:2      | Killed Robin
  1200 | D:2      | Gained mutation: When hurt, damage is shared between your
                  | health and your magic reserves. [demonic ancestry]
  1200 | D:2      | Reached XP level 4. HP: 37/37 MP: 4/4
  1263 | D:2      | Found a sacrificial altar of Ru.
  1265 | D:2      | Found a glowing silver altar of Zin.
  1266 | D:2      | Found a sparkling altar of Nemelex Xobeh.
  1266 | D:2      | Found a broken altar of Ashenzari.
  1583 | D:2      | Reached XP level 5. HP: 42/42 MP: 5/5
  1954 | D:3      | Noticed Jessica
  1962 | D:3      | Killed Jessica
  2165 | D:3      | Noticed an ogre
  2172 | D:3      | Slain by an ogre

Illustrated notes

Levels and vault maps discovered:
D:1:      matt_arrival_grand_opening, layout_loops_ring
D:2:      minmay_spotlight, layout_loops_cross,
          chequers_temple_overflow_statue_of_worship, minmay_diced_spiral,
          uniq_robin
D:3:      layout_loops_corners, regret_index_temple_of_mockery,
          grunt_qazlal_sundering, minmay_between, uniq_jessica

Skill      XL: |  1  2  3  4 |
---------------+-------------+-----
Polearms       | 2 3 4 |  4.5
Fighting       | 4 |  4.3
Armour         | |  2.6
Shields        | |  2.6

Action                   |  1- 3 |  4- 6 || total
-------------------------+-------+-------++-------
Melee: Trident           |   153 |    46 ||   199
       Headbutt          |    12 |    12 ||    24
       Spear             |       |    45 ||    45
Armor: Scale mail        |    68 |    29 ||    97
Dodge: Dodged            |    42 |    12 ||    54
Block: Kite shield       |    61 |    27 ||    88

Table legend: (Time is in decaauts)
 A = Elapsed time spent in this place.
 B = Non-inter-level travel time spent in this place.
 C = Inter-level travel time spent in this place.
 D = Time resting spent in this place.
 E = Time spent auto-exploring this place.
 F = Levels seen in this place.
 G = Mean time per level.
                   A        B        C        D        E       F      G
               +--------+--------+--------+--------+--------+-----+--------+
         Total |   2218 |   2156 |     62 |     50 |   1625 |   3 |  739.3 |
       Dungeon |   2218 |   2156 |     62 |     50 |   1625 |   3 |  739.3 |
               +--------+--------+--------+--------+--------+-----+--------+

Top non-repeatable levels by time:
     D:2: 931 daAuts
     D:1: 840 daAuts
     D:3: 446 daAuts
